 Dungeon Crawl Stone Soup version 0.30-a0-272-gf98c3da03f (webtiles) character file.

Game seed: 7563903755763766639

77 Sobieck the Ruffian (level 4, -3/45 HPs)
             Began as an Ogre Transmuter on Oct 15, 2022.
             Slain by Terence
             ... wielding a +2 mace of venom
              (6 damage)
             ... on level 2 of the Dungeon.
             The game lasted 00:03:15 (1576 turns).

Sobieck the Ruffian (Ogre Transmuter)               Turns: 1576, Time: 00:03:15

Health: -3/45      AC:  2    Str: 14    XL:     4   Next: 33%
Magic:  4/7        EV: 18    Int: 16    God:
Gold:   84         SH:  0    Dex: 14    Spells: 1/7 levels left

rFire   . . .      SeeInvis .      - Unarmed
rCold   . . .      Faith    .    (shield currently unavailable)
rNeg    . . .      Spirit   .    (body armour currently unavailable)
rPois   x          Reflect  .    (helmet currently unavailable)
rElec   .          Harm     .    (cloak currently unavailable)
rCorr   .          Rampage  .    (gloves unavailable)
Will    .....                    (boots unavailable)
Stlth   +.........               (no amulet)
HPRegen 0.27/turn                (no ring)
MPRegen 0.10/turn                (no ring)

@: lethally poisoned (-3 -> -22), spider-form (expiring)
A: venomous fangs, tiny, unfitting armour, (tough skin 1)
a: End Transformation


You were on level 2 of the Dungeon.
You were a venomous arachnid creature.
You visited 1 branch of the dungeon, and saw 2 of its levels.

You collected 84 gold pieces.


Innate Abilities, Weirdness & Mutations

You are a venomous arachnid creature.
You have poisonous fangs.
You are tiny and dextrous.
Your spellcasting is less reliable in this form.
Your armour is entirely melded.
You are incapable of wielding weapons or throwing items.
You are too large for most types of armour.
((You have tough skin. (AC +1)))


   Skills:
 + Level 3.2 Fighting
 - Level 1.7 Dodging
 + Level 3.4 Unarmed Combat
 - Level 2.4 Spellcasting
 + Level 2.7 Transmutations


You had one spell level left.
You knew the following spells:

 Your Spells              Type           Power      Damage    Failure   Level
a - Beastly Appendage     Tmut           20%        N/A       17%         1
b - Wereblood             Tmut           10%        N/A       24%         2
c - Spider Form           Tmut/Pois      6%         N/A       56%         3

Your spell library contained the following spells:

 Spells                   Type           Power      Damage    Failure   Level
 Ice Form                 Ice/Tmut       6%         N/A       89%         4

Inventory:

Missiles
 c - 19 stones {throwing}
 g - 8 poisoned darts {throwing}
Armour
 a - a +0 robe (melded)
Scrolls
 d - 2 scrolls of identify {unknown}
 e - a scroll of magic mapping {unknown}
 f - a scroll of enchant armour {unknown}
Potions
 b - a potion of lignification {!q}
 h - a potion of invisibility {unknown}

Dungeon Overview and Level Annotations

Branches:
Dungeon (2/15) Zot: 10431

Altars:

Shops:
D:1 =

Annotations:
D:2 Terence

##+## ##...## ##.....##
##.#...#.##
##.8.8.8.8.####
#########...........#.###
.......@s...........'....
.......J#...........#....
........##.8.8.8.8.##<)..
........###.#...#.##.....
......... ##.....###....†
......... ##...##.......
......... ##'##........
.......$.# #...#########
.....#


You could see Terence and an endoplasm (very poisoned).


Message History

No target in view!
No target in view!
Unknown command.
No target in view!
A giant cockroach comes into view.
The bat barely misses you.
Danger!
You closely miss the bat. The bat barely misses you.
Your transformation is almost over.
The bat barely misses you. The giant cockroach misses you.
You hit the bat. The bat barely misses you.
The giant cockroach barely misses you. The bat closely misses you.
You hit the bat.
You kill the bat!
The giant cockroach bites you.
You barely miss the giant cockroach.
Your headbutt misses the giant cockroach.
The giant cockroach bites you but does no damage.
You closely miss the giant cockroach. Your kick misses the giant cockroach.
The giant cockroach bites you. x2
You hit the giant cockroach. You claw the giant cockroach.
You headbutt the giant cockroach.
You kill the giant cockroach!
No target in view!
No target in view!
Unknown command.
Okay, then.
Casting: Beastly Appendage (safe; 7% risk of failure)
Confirm with . or Enter, or press ? or * to list all spells.
Okay, then.
Unknown command.
Unknown command.
Your horns disappear.
Your talons disappear.
There is an open door here.
An endoplasm comes into view.
The endoplasm quivers.
Danger!
An endoplasm is nearby!
Unknown command.
You grow a pair of large bovine horns.
Your feet morph into talons.
You barely miss the endoplasm. You claw the endoplasm.
You headbutt the endoplasm.
You kill the endoplasm!
No target in view!
No target in view!
Unknown command.
Your transformation is almost over.
Your horns disappear.
Your talons disappear.
There is an open door here.
Terence and a bat come into view.
Terence is wielding a +2 mace of venom and wearing a +2 chain mail of willpower.
Terence shouts!
Danger!
Casting: Beastly Appendage (safe; 6% risk of failure)
Confirm with . or Enter, or press ? or * to list all spells.
The spell is quite dangerous to miscast (34% risk of failure)!
Continue anyway?
You turn into a venomous arachnid creature.
Your +0 robe melds into your body.
The bat barely misses you.
Unknown command.
You hit the bat.
You kill the bat!
Unknown command.
An endoplasm comes into view.
The endoplasm quivers.
There is an open door here.
Unknown command.
Terence barely misses you.
Unknown command.
You barely miss Terence.
Terence hits you with a +2 mace of venom.
You are poisoned.
You hit Terence.
You feel very sick.
Terence hits you with a +2 mace of venom!
You are lethally poisoned!
The endoplasm jiggles.
The endoplasm closely misses you.
Unknown command.
You completely miss Terence.
* * * LOW HITPOINT WARNING * * *
You feel extremely sick. The endoplasm hits you.
* * * LOW HITPOINT WARNING * * *
Terence barely misses you.
Unknown command.
You hit the endoplasm.
The endoplasm is poisoned.
Your transformation is almost over.
* * * LOW HITPOINT WARNING * * *
You feel very sick. The endoplasm freezes you.
You are frozen.
* * * LOW HITPOINT WARNING * * *
Terence completely misses you.
* * * LOW HITPOINT WARNING * * *
You feel very sick. The endoplasm closely misses you.
There is an open door here.
Terence attacks as you move away!
Terence hits you with a +2 mace of venom.
You die...

Skill      XL: |  1  2  3 |
---------------+----------+-----
Transmutations | 2 |  2.7
Fighting       | 2 3 |  3.2
Unarmed Combat | 3 |  3.4
Dodging        | |  1.7
Spellcasting   | |  2.4

Action                   |  1- 3 |  4- 6 || total
-------------------------+-------+-------++-------
Melee: Unarmed           |    85 |    39 ||   124
       Headbutt          |    15 |     5 ||    20
       Kick              |    15 |     7 ||    22
       Punch             |     2 |       ||     2
 Cast: Beastly Appendage |    20 |     5 ||    25
       Spider Form       |       |     1 ||     1
       Wereblood         |       |     1 ||     1
Armor: Robe              |    32 |    10 ||    42
Dodge: Dodged            |    43 |    28 ||    71

Levels and vault maps discovered:
D:1:      eino_arrival_cavern_b, layout_basic, serial_shops,
          nicolae_shop_behind_doors
D:2:      kennysheep_big_flooded_room, layout_basic, hangedman_decor_growths,
          dk_noncrumbling_3, minmay_pentomino_v4, uniq_terence, uniq_natasha,
          uniq_crazy_yiuf_cottage

Notes
Turn   | Place    | Note
-------+----------+-------------------------------------------
     0 | D:1      | Sobieck the Ogre Transmuter began the quest for the Orb.
     0 | D:1      | Reached XP level 1. HP: 19/19 MP: 3/3
   198 | D:1      | Reached skill level 2 in Transmutations
   198 | D:1      | Reached XP level 2. HP: 18/28 MP: 3/5
   277 | D:1      | Reached skill level 2 in Fighting
   351 | D:1      | Reached skill level 3 in Unarmed Combat
   638 | D:1      | You fall into a shaft and drop 1 floor!
   639 | D:2      | Noticed Natasha
   647 | D:2      | Noticed a crimson imp
   651 | D:2      | HP: 7/28 [Natasha (2)]
   654 | D:2      | Killed Natasha
   655 | D:2      | Reached XP level 3. HP: 10/36 MP: 6/6
   787 | D:2      | Learned a level 2 spell: Wereblood
   791 | D:2      | Learned a level 3 spell: Spider Form
   997 | D:1      | Found Eddufu's Jewellery Emporium.
  1146 | D:1      | Reached skill level 3 in Fighting
  1187 | D:1      | Reached XP level 4. HP: 44/45 MP: 5/7
  1566 | D:2      | Noticed Terence
  1574 | D:2      | HP: 8/45 [frozen (5)]
  1575 | D:2      | HP: 3/45 [poisoned by Terence]
  1576 | D:2      | Slain by Terence

Vanquished Creatures
  Natasha (D:2)
  3 dart slugs
  8 bats
  An endoplasm (D:2)
  2 giant cockroaches
  3 goblins (D:1)
  5 hobgoblins (D:1)
  A jackal (D:2)
  5 kobolds
  4 quokkas
  3 ball pythons (D:1)
  3 frilled lizards
  4 rats
43 creatures vanquished.

Table legend:
 A = Non-vault XP
 B = Vault XP
 C = Vault XP percentage of total XP
 D = Non-vault monster count
 E = Vault monster count
 F = Vault count percentage of total count
                 A         B        C        D         E       F
            +---------+---------+-------+---------+---------+-------
      Total |      71 |      39 |  35.5 |      39 |       4 |   9.3
            +---------+---------+-------+---------+---------+-------
        D:1 |      51 |       0 |   0.0 |      28 |       0 |   0.0
        D:2 |      20 |      39 |  66.1 |      11 |       4 |  26.7
            +---------+---------+-------+---------+---------+-------

Illustrated notes

Table legend:
 A = Kills in this place as a percentage of kills in entire the game.
 B = Kills by you in this place as a percentage of kills by you in the entire game.
 C = Kills by friends in this place as a percentage of kills by friends in the entire game.
 D = Other kills in this place as a percentage of other kills in the entire game.
 E = Experience gained in this place as a percentage of experience gained in the entire game.
 F = Experience gained in this place divided by the number of levels of this place that you have seen.
                   A       B       C       D       E      F
               +-------+-------+-------+-------+-------+----------------------
         Total | 100.0 | 100.0 |   N/A |   N/A | 100.0 |  55.0
       Dungeon | 100.0 | 100.0 |   N/A |   N/A | 100.0 |  55.0
               +-------+-------+-------+-------+-------+----------------------

Table legend: (Time is in decaauts)
 A = Elapsed time spent in this place.
 B = Non-inter-level travel time spent in this place.
 C = Inter-level travel time spent in this place.
 D = Time resting spent in this place.
 E = Time spent auto-exploring this place.
 F = Levels seen in this place.
 G = Mean time per level.
                   A        B        C        D        E       F      G
               +--------+--------+--------+--------+--------+-----+--------+
         Total |   1568 |   1529 |     39 |    155 |   1075 |   2 |  784.0 |
       Dungeon |   1568 |   1529 |     39 |    155 |   1075 |   2 |  784.0 |
               +--------+--------+--------+--------+--------+-----+--------+

Top non-repeatable levels by time:
     D:1: 1140 daAuts
     D:2: 427 daAuts
